 Dungeon Crawl Stone Soup version 0.30-a0-672-gc3a7216ad8 (console) character file.

Game seed: 5869559340310927039

1391 petzl the Thaumaturge (level 9, -3/63 (64) HPs)
             Began as a Formicid Delver on Jan 18, 2023.
             Slain by a gnoll bouda
             ... wielding a +2 whip of freezing
              (9 damage)
             ... on level 4 of the Dungeon.
             The game lasted 00:32:14 (7357 turns).

petzl the Thaumaturge (Formicid Delver)             Turns: 7357, Time: 00:32:15

HP:   -3/63 (64)    AC:  8    Str: 16    XL:     9   Next: 0%
MP:   21/21         EV: 12    Int: 15    God:
Gold: 424           SH:  0    Dex: 15    Spells: 13/24 levels left

rFire   . . .      SeeInvis +    b - +3 quarterstaff (chaos)
rCold   . . .      Faith    .    (no shield)
rNeg    . . .      Spirit   .    y - +0 leather armour
rPois   .          Reflect  .    (helmet unavailable)
rElec   .          Harm     .    A - +0 cloak
rCorr   .          Rampage  .    v - +0 pair of gloves
Will    +....                    H - +2 pair of boots {Fly}
Stlth   +++                      (no amulet)
HPRegen 0.30/turn                f - ring of willpower
MPRegen 0.17/turn                G - ring of flight

@: weakened, flying, studying Polearms, lightly drained
A: permanent stasis, dig shafts and tunnels, antennae 3, four strong arms
a: Dig, Shaft Self


You were on level 4 of the Dungeon.
You visited 2 branches of the dungeon, and saw 12 of its levels.
You also visited: Ossuary.

You collected 424 gold pieces.

Inventory:

Hand Weapons
 a - a +0 sling
 b - a +3 quarterstaff of chaos (weapon)
 c - a +4 dagger of venom {!f =f}
Missiles
 k - 2 boomerangs (quivered)
 u - 42 stones
 w - a throwing net
 F - 2 curare-tipped darts
 K - 5 poisoned darts
Armour
 v - a +0 pair of gloves (worn)
 y - a +0 leather armour (worn)
 A - a +0 cloak (worn)
 H - a +2 pair of boots of flying (worn)
Jewellery
 f - a ring of willpower (left hand)
 G - a ring of flight (right hand)
Wands
 g - a wand of digging (3)
 E - a wand of acid (1)
Scrolls
 d - 2 scrolls of magic mapping
 e - 2 scrolls of fear
 i - a scroll of enchant weapon
 n - a scroll of identify
 q - a scroll of immolation
 r - a scroll of vulnerability
 x - a scroll of torment
 B - a scroll of poison
 C - 2 scrolls of fog
 D - 2 scrolls of silence
 I - a scroll of brand weapon
 J - a scroll of acquirement
Potions
 h - 2 potions of attraction {unknown}
 j - 2 potions of resistance {unknown}
 l - a potion of degeneration {unknown}
 m - a potion of brilliance {unknown}
 o - 2 potions of mutation {unknown}
 p - 2 potions of magic {unknown}
 s - 3 potions of curing
 t - 4 potions of lignification {unknown}
 z - a potion of flight {unknown}


   Skills:
 + Level 3.3 Fighting
 - Level 2.0 Maces & Flails
 - Level 3.0 Ranged Weapons
 - Level 1.7 Dodging
 - Level 6.0 Stealth
 + Level 8.0 Spellcasting
 * Level 4.8 Conjurations
 * Level 0.1 Fire Magic


You had 13 spell levels left.
You knew the following spells:

 Your Spells              Type           Power      Damage    Failure   Level
a - Fireball              Conj/Fire      6%         3d5       82%         5
b - Starburst             Conj/Fire      6%         6d4       100%        6

Your spell library contained the following spells:

 Spells                   Type           Power      Damage    Failure   Level
 Foxfire                  Conj/Fire      52%        2x1d6     5%          1
 Sublimation of Blood     Necr           6%         N/A       22%         2
 Wereblood                Tmut           6%         N/A       22%         2
 Petrify                  Tmut/Erth      6%         N/A       82%         4
 Metabolic Englaciation   Hex/Ice        3%         N/A       99%         5
 Statue Form              Tmut/Erth      4%         N/A       100%        6
 Summon Hydra             Summ           3%         N/A       100%        7


Dungeon Overview and Level Annotations

Branches:
Dungeon (11/15)            Temple (1/1) D:6         Ossuary (visited)
   Lair: D:8-11         Orc: D:9-12

Altars:
Ashenzari
Dithmenos
Elyvilon
Fedhas
Hepliaklqana
Kikubaaqudgha
Makhleb
Qazlal
Trog
Uskayaw
Vehumet
Wu Jian
Yredelemnul
The Shining One

Shops:
D:2 [   D:4 [

Annotations:
D:4 1 runed translucent door, exclusion: downstairs, Menkaure; bmack86's ghost, amateur MiFi
D:5 Dowan; Duvessa
D:7 exclusion: 2 upstairs


Innate Abilities, Weirdness & Mutations

You cannot be hasted, slowed, berserked, paralysed or teleported.
You can dig through walls and to a lower floor.
You have a pair of large antennae on your head. (SInv)
Your four strong arms can wield two-handed weapons with a shield.


Message History

The gnoll bouda barely misses you.
Your +4 dagger of venom {!f =f} begins to drip with poison!
c - a +4 dagger of venom (weapon)
{!f =f} The gnoll barely misses you.
The gnoll bouda hits you with a +2 whip of freezing.
The gnoll bouda freezes you.
You hit the gnoll bouda.
The gnoll bouda is poisoned.
The gnoll bouda is moderately wounded.
The gnoll misses you. The gnoll bouda misses you.
You hit the gnoll bouda but do no damage.
The gnoll bouda is heavily wounded.
The gnoll hits you from afar with a +0 spear.
The gnoll bouda closely misses you.
You hit the gnoll bouda but do no damage.
The gnoll bouda looks as sick as possible!
The gnoll bouda is heavily wounded.
The gnoll hits you from afar with a +0 spear.
The gnoll bouda closely misses you.
Your +4 dagger of venom {!f =f} stops dripping with poison.
Your +3 quarterstaff of chaos is briefly surrounded by a scintillating aura of random colours.
b - a +3 quarterstaff of chaos (weapon)
You hit the gnoll bouda but do no damage.
The gnoll bouda seems to speed up.
The gnoll bouda is heavily wounded.
The gnoll bouda barely misses you. The gnoll hits you but does no damage.
The gnoll bouda hits you with a +2 whip of freezing!
The gnoll bouda freezes you.
The gnoll hits you from afar with a +0 spear.
* * * LOW HITPOINT WARNING * * *
Are you sure you want to shaft yourself?
The gnoll bouda gazes fiercely through you!
You feel as though you will be weak longer.
The gnoll bouda hits you with a +2 whip of freezing!
* * * LOW HITPOINT WARNING * * *
The gnoll bouda freezes you.
* * * LOW HITPOINT WARNING * * *
The gnoll hits you from afar with a +0 spear.
* * * LOW HITPOINT WARNING * * *
The gnoll bouda hits you with a +2 whip of freezing!
You die...

#g# #.# #.# ##.# #.# #.#
....# #.# #####'## ####....#
#.## ###.....g## ##.......#
...####........g###...#.....
....##.........{.#.......# #
........###.....{{..†....#.#
.......##.##.....{.........#
.....#.#._.#.#....#......#.#
.##.##.......#...###.......#
...####.....##..## #.#######
##.# ##...##..## #.# #.#
######+## #)# #.# #. ..# #)#
#. ##.. .###.#
####...#...#g#
.....##.##.#g# #....#...#@#
#...#.....# #....#####
#.#.## #.### #.# ####### #.#
###.....# #.#
##.....#.####.# ####
#..........##.### ##...##
...#+#...#....<.####.....#
..##.##...##..#.>........#
.##...##...#....####.....#
##.....##...#..## ##...##
#⌠.?♣!.W#..###..# #.##
##.....##..# ##.# #.#
.##...##...###.## #.#
..##⌠##...#.#.## #####.####
...###...###..# #........#


You could see a gnoll bouda (fast, strong, extremely poisoned) and a gnoll
(swift).

Vanquished Creatures
  2 elf zombies (Ossuary)
  3 scorpions (D:6)
  A wight (D:7)
  2 killer bees
  2 howler monkeys (D:11)
  4 hounds
  2 centaur zombies (Ossuary)
  4 jellies
  2 orc priests
  Crazy Yiuf (D:2)
  2 human zombies (Ossuary)
  An iguana (D:5)
  2 orc wizards (D:6)
  3 mummies (Ossuary)
  Robin (D:3)
  5 gnolls
  3 adders
  2 shadow imps
  An ufetubus (D:6)
  4 adder zombies (Ossuary)
  3 worms
  A dart slug (D:1)
  6 orcs
  7 bats
  9 endoplasms
  3 giant cockroaches
  A gnoll zombie (Ossuary)
  11 goblins
  7 hobgoblins
  3 quokkas
  6 ball pythons
  4 frilled lizards
  A goblin zombie (Ossuary)
  4 hobgoblin zombies (Ossuary)
  3 jackal zombies (Ossuary)
  A kobold (D:10)
  7 kobold zombies (Ossuary)
  2 orc zombies (Ossuary)
  2 quokka zombies (Ossuary)
  4 rats
  3 rat zombies (Ossuary)
135 creatures vanquished.

Vanquished Creatures (others)
  A hobgoblin (D:4)
1 creature vanquished.

Grand Total: 136 creatures vanquished

Notes
Turn   | Place    | Note
-------+----------+-------------------------------------------
     0 | D:5      | petzl the Formicid Delver began the quest for the Orb.
     0 | D:5      | Reached XP level 1. HP: 18/18 MP: 1/1
    33 | D:5      | Noticed an ice beast
    35 | D:5      | Noticed Dowan
    39 | D:5      | Noticed Duvessa
   241 | D:4      | Reached skill level 1 in Spellcasting
   355 | D:4      | Reached XP level 2. HP: 24/24 MP: 2/4
   417 | D:4      | Found a shadowy altar of Dithmenos.
   549 | D:2      | Reached skill level 2 in Spellcasting
   549 | D:2      | Reached XP level 3. HP: 22/29 MP: 4/6
   622 | D:2      | Found a runed translucent door.
   623 | D:2      | Noticed Crazy Yiuf
   758 | D:2      | Found Oba Haul's Armour Boutique.
   882 | D:1      | Reached skill level 3 in Spellcasting
  1061 | D:1      | You fall into a shaft and drop 1 floor!
  1611 | D:1      | Reached XP level 4. HP: 25/35 MP: 8/8
  1613 | D:1      | You fall into a shaft and drop 1 floor!
  1898 | D:2      | Reached skill level 4 in Spellcasting
  1967 | D:2      | Reached XP level 5. HP: 21/41 MP: 11/11
  2463 | D:3      | Noticed Robin
  2499 | D:3      | Killed Robin
  2572 | D:3      | Found a burning altar of Makhleb.
  2598 | D:3      | Found a stormy altar of Qazlal.
  2803 | D:3      | Reached skill level 5 in Spellcasting
  2803 | D:3      | Reached XP level 6. HP: 31/47 MP: 13/13
  3155 | D:2      | Killed Crazy Yiuf
  3302 | D:4      | Noticed bmack86's ghost (amateur MiFi)
  3304 | D:4      | Found a runed translucent door.
  3407 | D:4      | Found Hikieluo's Antique Armour Shoppe.
  3444 | D:4      | Noticed Menkaure
  3448 | D:4      | You fall into a shaft and drop 3 floors!
  3513 | D:7      | Learned a level 5 spell: Fireball
  3543 | D:6      | Noticed an ice beast
  3663 | D:7      | Reached skill level 6 in Spellcasting
  3663 | D:7      | Reached skill level 1 in Conjurations
  3687 | D:7      | Reached XP level 7. HP: 38/52 MP: 16/16
  3738 | D:7      | Found a sand-covered staircase.
  3744 | Ossuary  | Entered an ossuary
  3834 | Ossuary  | Reached skill level 1 in Ranged Weapons
  4591 | Ossuary  | Reached XP level 8. HP: 45/58 MP: 16/18
  4915 | D:7      | You fall into a shaft and drop 3 floors!
  4915 | D:10     | Entered Level 10 of the Dungeon
  5066 | D:10     | Noticed a yak
  5290 | D:7      | Reached skill level 7 in Spellcasting
  5298 | D:7      | You fall into a shaft and drop 1 floor!
  5826 | D:6      | Found a staircase to the Ecumenical Temple.
  5991 | D:5      | You are sucked into a shaft and drop 1 floor!
  6106 | Temple   | Entered the Ecumenical Temple
  6379 | D:6      | Noticed a two-headed ogre
  6384 | D:6      | You are sucked into a shaft and drop 3 floors!
  6760 | D:5      | Reached skill level 8 in Spellcasting
  6762 | D:5      | You are sucked into a shaft and drop 3 floors!
  6860 | D:7      | Identified a scroll of acquirement
  7167 | D:4      | Found a hazy altar of Hepliaklqana.
  7200 | D:4      | Learned a level 6 spell: Starburst
  7347 | D:4      | Reached XP level 9. HP: 63/63 MP: 21/21
  7357 | D:4      | Slain by a gnoll bouda

Illustrated notes

Levels and vault maps discovered:
D:1:      moated_graveyard_arrival, layout_rooms, minmay_hedge_maze
D:2:      layout_loops_ring, serial_shops,
          nicolae_shop_temple_entry_statues_fountains, uniq_crazy_yiuf_cottage
D:3:      layout_loops_ring, nicolae_qazlal_scattered_showers, bloody_makhleb,
          cheibrodos_gnoll_hut, uniq_robin
D:4:      minmay_bubble_buster, layout_loops_corners,
          nicolae_dithmenos_through_a_glass_darkly, kennysheep_mini,
          serial_shops, nicolae_shop_trees, hellmonk_ghost_happy_afterlife,
          uniq_menkaure
D:5:      layout_cave_pools, minmay_mini_ossuary, uniq_duvessa
D:6:      layout_loops_ring, minmay_temple_entry_offerings
D:7:      layout_basic, mainiacjoe_overflow_cross_hatched,
          grunt_temple_overflow_opulence, nicolae_ossuary_entry_plus
D:8:      layout_cave_pools, mainiacjoe_overflow_divided_tiny
D:9:      layout_stronghold, slow_altar_1, general_overflow_altar,
          kennysheep_little_box, lair_entry_dummy, david_orc_3, enter_bailey_6,
          kennysheep_diamond, chequers_garden, uniq_maurice
D:10:     layout_irregular_city, serial_column_ruins, column_ruins_hut_pillars,
          column_ruins_open_small, column_ruins_corridor_straight,
          column_ruins_open_small, column_ruins_grid_4, column_ruins_columns_T,
          column_ruins_open_small, minmay_starry_boxes, uniq_fannar
D:11:     layout_basic
Temple:   hellmonk_temple_rainy

Skill      XL: |  1  2  3  4  5  6  7  8 |
---------------+-------------------------+-----
Spellcasting   | 1 2 3 4 5 6 8 |  8.0
Conjurations   | 1 2 4 |  4.8
Ranged Weapons | 2 3 |  3.0
Fighting       | |  3.3
Maces & Flails | |  2.0
Dodging        | |  1.7
Stealth        | |  6.0
Fire Magic     | |  0.1

Action                   |  1- 3 |  4- 6 |  7- 9 || total
-------------------------+-------+-------+-------++-------
Melee: Mace              |    81 |    35 |       ||   116
       Punch             |       |     1 |     1 ||     2
       Dagger            |       |    89 |    72 ||   161
       Quarterstaff      |       |     7 |   123 ||   130
 Fire: Sling             |       |       |   140 ||   140
Throw: Boomerang         |    59 |       |       ||    59
 Abil: Shaft Self        |     1 |     2 |     6 ||     9
       Dig               |       |     1 |     5 ||     6
Evoke: Wand              |       |       |     2 ||     2
  Use: Scroll            |       |     4 |     8 ||    12
 Stab: Sleeping          |     9 |     7 |     2 ||    18
Armor: Leather armour    |    29 |    29 |    80 ||   138
Dodge: Dodged            |    72 |    77 |   148 ||   297

Table legend: (Time is in decaauts)
 A = Elapsed time spent in this place.
 B = Non-inter-level travel time spent in this place.
 C = Inter-level travel time spent in this place.
 D = Time resting spent in this place.
 E = Time spent auto-exploring this place.
 F = Levels seen in this place.
 G = Mean time per level.
                   A        B        C        D        E       F      G
               +--------+--------+--------+--------+--------+-----+--------+
         Total |   7459 |   7103 |    356 |   1787 |   2201 |  13 |  573.8 |
       Dungeon |   6355 |   5999 |    356 |   1479 |   2119 |  11 |  577.7 |
        Temple |     19 |     19 |      0 |      0 |      0 |   1 |   19.0 |
       Ossuary |   1084 |   1084 |      0 |    308 |     82 |   1 | 1084.0 |
               +--------+--------+--------+--------+--------+-----+--------+

Top non-repeatable levels by time:
     D:2: 1644 daAuts
 Ossuary: 1084 daAuts
     D:3: 905 daAuts
     D:4: 856 daAuts
     D:6: 780 daAuts
     D:7: 639 daAuts
     D:8: 459 daAuts
     D:1: 445 daAuts
    D:10: 232 daAuts
     D:9: 198 daAuts
     D:5: 147 daAuts
    D:11: 45 daAuts
  Temple: 19 daAuts
